 Dungeon Crawl Stone Soup version 0.30-a0-986-g7f2e898f52 (webtiles) character file.

Game seed: 11867935986314276483

622 deadmanwalking the Conjurer (level 7, -8/36 HPs)
             Began as a Deep Elf Conjurer on Apr 1, 2023.
             Was an Initiate of Vehumet.
             Mangled by Blork the orc
             ... wielding a +0 mace
              (10 damage)
             ... on level 5 of the Dungeon.
             The game lasted 00:10:14 (4378 turns).

deadmanwalking the Conjurer (Deep Elf Conjurer)     Turns: 4378, Time: 00:10:15

Health: -8/36      AC:  7    Str:  4    XL:     7   Next: 22%
Magic:  2/19       EV: 12    Int: 25    God:    Vehumet [......]
Gold:   214        SH:  0    Dex: 13    Spells: 5/19 levels left

rFire   . . .      SeeInvis .    c - +0 dagger
rCold   . . .      Faith    .    (no shield)
rNeg    . . .      Spirit   .    a - +0 robe
rPois   .          Reflect  .    k - +0 helmet
rElec   .          Rampage  .    (no cloak)
rCorr   .                        t - +2 pair of gloves
Will    .....                    m - +0 pair of boots
Stlth   ++                       (no amulet)
HPRegen 0.26/turn                z - ring of flight
MPRegen 0.16/turn                (no ring)

@: weak-willed, flying
A: no striking features
a: Renounce Religion


You were on level 5 of the Dungeon.
You worshipped Vehumet.
Vehumet was noncommittal.
You visited 2 branches of the dungeon, and saw 6 of its levels.

You collected 214 gold pieces.

Inventory:

Hand Weapons
 c - a +0 dagger (weapon)
Missiles
 d - 5 javelins
 s - 9 poisoned darts
Armour
 a - a +0 robe (worn)
 k - a +0 helmet (worn)
 m - a +0 pair of boots (worn)
 t - a +2 pair of gloves (worn)
Magical Staves
 p - a staff of earth
Jewellery
 y - a ring of fire
 z - a ring of flight (left hand)
Wands
 v - a wand of mindburst (23)
Scrolls
 f - 2 scrolls of enchant armour
 h - a scroll of summoning {unknown}
 j - a scroll of blinking {unknown}
 n - 2 scrolls of vulnerability
 q - a scroll of teleportation
 u - a scroll of noise {unknown}
 x - a scroll of fear
 A - a scroll of poison {unknown}
 B - a scroll of immolation {unknown}
Potions
 b - 3 potions of magic
 e - 2 potions of brilliance
 g - a potion of flight {unknown}
 i - a potion of attraction {unknown}
 l - 4 potions of heal wounds
 o - 2 potions of curing
 r - 2 potions of haste {unknown}
 w - a potion of mutation {unknown}


   Skills:
 - Level 2.4 Dodging
 - Level 2.4 Stealth
 + Level 6.7 Spellcasting
 + Level 6.7 Conjurations
 + Level 3.6 Hexes
 + Level 3.0 Translocations


You had 5 spell levels left.
You knew the following spells:

 Your Spells              Type           Power      Damage    Failure   Level
a - Magic Dart            Conj           100%       1d8       1%          1
b - Searing Ray           Conj           84%        2d7       1%          2
c - Dazzling Flash        Conj/Hex       68%        N/A       2%          3
d - Fulminant Prism       Conj/Hex       17%        3d10      9%          4
e - Iskenderun's Mystic   Conj/Tloc      32%        2d8       10%         4

Your spell library contained the following spells:

 Spells                   Type           Power      Damage    Failure   Level
 Ensorcelled Hibernation  Hex/Ice        34%        N/A       4%          2
 Passwall                 Tmut/Erth      6%         N/A       11%         2
 Swiftness                Air            8%         N/A       21%         3


Dungeon Overview and Level Annotations

Branches:
Dungeon (5/15)             Temple (1/1) D:5

Altars:
Ashenzari
Cheibriados
Dithmenos
Elyvilon
Fedhas
Hepliaklqana
Kikubaaqudgha
Nemelex Xobeh
Okawaru
Qazlal
Ru
Vehumet
Yredelemnul
Zin

Annotations:
D:5 Blork the orc


Message History

The ice beast is almost dead.
The searing ray misses Blork the orc.
You finish channelling your searing ray.
Blork the orc gestures wildly while chanting.
Blork the orc seems to speed up.
The ice beast hits you but does no damage.
Casting: Searing Ray (safe; 1% risk of failure)
Confirm with . or Enter, or press ? or * to list all spells.
Aiming: Searing Ray (safe; 1% risk of failure)
Press: ? - help, Shift-Dir - straight line, f/p - ice beast
Aim: an ice beast (almost dead, 82% to hit)
The searing ray misses the ice beast.
The searing ray misses Blork the orc. (Press . to maintain the ray.)
The ice beast hits you but does no damage.
The searing ray hits the ice beast!
You kill the ice beast!
Vehumet accepts your kill. Blork the orc hits you with a +0 mace.
Blork the orc hits you but does no damage.
Your Translocations skill increases to level 3!
Blork the orc attacks as you move away! Blork the orc hits you with a +0 mace.
Casting: Searing Ray (safe; 1% risk of failure)
Confirm with . or Enter, or press ? or * to list all spells.
Aiming: Searing Ray (safe; 1% risk of failure)
Press: ? - help, Shift-Dir - straight line, f - Blork the orc
Aim: Blork the orc, wielding a +0 mace, wearing a +1 robe of cold resistance and carrying a wand of flame (16) (lightly wounded, fast, 84% to hit)
The searing ray hits Blork the orc.
Blork the orc is moderately wounded. (Press . to maintain the ray.) Blork the orc hits you but does no damage.
Blork the orc hits you with a +0 mace!
* * * LOW HITPOINT WARNING * * *
The searing ray hits Blork the orc!
Blork the orc is severely wounded.
Blork the orc zaps a wand.
The puff of flame hits you!
* * * LOW HITPOINT WARNING * * *
The searing ray hits Blork the orc!
Blork the orc is almost dead.
Blork the orc hits you with a +0 mace!
You die...

....s #.#.# .....
..#.. #.#.
............### #...
........ ...... .†.
......... ....# #.. #
# .......##.#.#
#)####..# #
..........#.###).....#
.##......#......#o.#
..##............@.##
#...........###...#
..⌠..............##
#..........###.....
..##......## #.....#
.##.......# ###.#.#
##........# #...#
#..<......# ###.#
..........#


You could see Blork the orc (fast).

Vanquished Creatures
  An ice beast (D:5)
  2 ogres (D:5)
  A phantom (D:5)
  A scorpion (D:5)
  An orc priest (D:3)
  Natasha (D:3)
  An iguana (D:4)
  An orc wizard (D:3)
  2 gnolls (D:5)
  4 adders
  A white imp (D:5)
  An ufetubus (D:5)
  A worm (D:3)
  3 dart slugs
  6 orcs
  4 ball pythons
  4 endoplasms
  2 giant cockroaches (D:2)
  7 goblins
  6 hobgoblins
  2 bats
  3 frilled lizards
  4 kobolds
  4 rats
63 creatures vanquished.

Notes
Turn   | Place    | Note
-------+----------+-------------------------------------------
     0 | D:1      | deadmanwalking the Deep Elf Conjurer began the quest for
                  | the Orb.
     0 | D:1      | Reached XP level 1. HP: 10/10 MP: 6/6
     0 | D:1      | Upgraded the game from 0.30-a0-972-gf3ab3527aa to
                  | 0.30-a0-986-g7f2e898f52
   372 | D:1      | Reached XP level 2. HP: 15/15 MP: 4/8
   375 | D:1      | Learned a level 2 spell: Searing Ray
  1296 | D:2      | Reached skill level 5 in Conjurations
  1296 | D:2      | Reached XP level 3. HP: 19/19 MP: 8/10
  1300 | D:2      | Learned a level 3 spell: Dazzling Flash
  2020 | D:2      | Found a faded altar of an unknown god.
  2379 | D:3      | Found a glowing silver altar of Zin.
  2520 | D:3      | Reached XP level 4. HP: 24/24 MP: 7/12
  2567 | D:3      | Learned a level 4 spell: Fulminant Prism
  2578 | D:3      | Reached skill level 5 in Spellcasting
  3045 | D:3      | Noticed Natasha
  3047 | D:3      | Killed Natasha
  3048 | D:3      | Reached XP level 5. HP: 28/28 MP: 10/14
  3053 | D:3      | Learned a level 4 spell: Iskenderun's Mystic Blast
  3586 | D:4      | Found a sacrificial altar of Ru.
  3859 | D:4      | Reached skill level 1 in Hexes
  3995 | D:5      | Entered Level 5 of the Dungeon
  4052 | D:5      | Found a staircase to the Ecumenical Temple.
  4057 | D:5      | Noticed a phantom
  4061 | Temple   | Entered the Ecumenical Temple
  4080 | Temple   | Became a worshipper of Vehumet
  4094 | D:5      | Killed a phantom
  4095 | D:5      | Reached skill level 1 in Translocations
  4095 | D:5      | Reached XP level 6. HP: 7/32 MP: 8/16
  4253 | D:5      | Noticed an ice beast
  4363 | D:5      | Noticed an ice beast
  4366 | D:5      | Reached XP level 7. HP: 36/36 MP: 14/18
  4369 | D:5      | Noticed Blork the orc
  4378 | D:5      | Mangled by Blork the orc

Illustrated notes

Levels and vault maps discovered:
D:1:      eino_arrival_druids_welcome, layout_basic, amcnicky_mini_pool_small
D:2:      layout_loops_corners, hellmonk_ecumenical_altar_inner_sanctum,
          minmay_liquid_box, minmay_misc_feat_five, grunt_decor_junction
D:3:      layout_loops_corners, zin_statuary, uniq_natasha
D:4:      layout_basic, nicolae_ru_sacrificial_ziggurat
D:5:      layout_rooms, nicolae_gozag_cash_rules_everything_around_me,
          minmay_temple_entry_waves, serial_shops, nicolae_lakefront_shop,
          nicolae_shop_waterfront, nicolae_shop_temple_entry_statues_fountains,
          nicolae_shop_hallway_plus, nicolae_lakefront_shop,
          hangedman_abyss_or_decor_slice, uniq_blork_the_orc, uniq_ijyb,
          uniq_crazy_yiuf_cottage, uniq_eustachio
Temple:   hellmonk_temple_two_chambers

Skill      XL: |  1  2  3  4  5  6  7 |
---------------+----------------------+-----
Spellcasting   | 4 5 6 |  6.7
Conjurations   | 5 6 |  6.7
Hexes          | 1 3 |  3.6
Translocations | 1 2 3 |  3.0
Dodging        | |  2.4
Stealth        | |  2.4

Action                     |  1- 3 |  4- 6 |  7- 9 || total
---------------------------+-------+-------+-------++-------
   Cast: Magic Dart        |    60 |    41 |       ||   101
         Searing Ray       |     2 |    14 |     3 ||    19
    Use: Scroll            |     5 |     3 |       ||     8
 Armour: Robe              |       |     2 |     4 ||     6
  Dodge: Dodged            |     4 |     8 |     1 ||    13

Table legend: (Time is in decaauts)
 A = Elapsed time spent in this place.
 B = Non-inter-level travel time spent in this place.
 C = Inter-level travel time spent in this place.
 D = Time resting spent in this place.
 E = Time spent auto-exploring this place.
 F = Levels seen in this place.
 G = Mean time per level.
                   A        B        C        D        E       F      G
               +--------+--------+--------+--------+--------+-----+--------+
         Total |   4378 |   3949 |    429 |    125 |   3304 |   6 |  729.7 |
       Dungeon |   4351 |   3922 |    429 |    125 |   3290 |   5 |  870.2 |
        Temple |     26 |     26 |      0 |      0 |     14 |   1 |   26.0 |
               +--------+--------+--------+--------+--------+-----+--------+

Top non-repeatable levels by time:
     D:3: 1229 daAuts
     D:2: 1103 daAuts
     D:1: 1078 daAuts
     D:4: 631 daAuts
     D:5: 309 daAuts
  Temple: 26 daAuts
